 Dungeon Sprint DCSS version 0.17-a0-1648-g0a089d4 (webtiles) character file.

2 nuthulu the Chopper (level 1, -2/18 HPs)
             Began as a Ghoul Gladiator on Aug 12, 2015.
             Was an Initiate of Makhleb.
             Slain by a worker ant (4 damage)
             ... in the Dungeon (Sprint VII: "The Pits").
             The game lasted 00:00:29 (67 turns).

nuthulu the Chopper (Ghoul Gladiator)                 Turns: 67, Time: 00:00:29

Health: -2/18      AC:  4    Str: 18    XL:     1   Next: 40%
Magic:  0/0        EV: 12    Int:  3    God:    Makhleb [......]
Gold:   0          SH:  0    Dex:  9    Spells: 0 memorised, 0 levels left

rFire  . . .     SeeInvis .     a - +0 war axe
rCold  + . .     Clarity  .     b - +0 leather armour
rNeg   + + +     SustAt   .     (no shield)
rPois  ∞         Gourm    .     c - +0 helmet
rElec  .         Spirit   .     (no cloak)
rCorr  .         Warding  .     (no gloves)
rMut   .         NoTele   +     (no boots)
MR     .....                    (no amulet)
Stlth  +.........               (no ring)
                                (no ring)

@: rotting, not resistant to hostile enchantments, very unstealthy
A: rotting body, claws 1, carnivore 3, cold resistance 1, negative energy
resistance 3, slow healing 1, torment resistance, unbreathing
a: Renounce Religion


You were in the Dungeon.
You worshipped Makhleb.
Makhleb was noncommittal.
You were not hungry.

You visited 1 branch

Inventory:

Hand weapons
 a - a +0 war axe (weapon)
 p - a +2 hand axe
Missiles
 d - 3 throwing nets (quivered)
Armour
 b - a +0 leather armour (worn)
 c - a +0 helmet (worn)
Scrolls
 k - a scroll of blinking
 m - 3 scrolls of remove curse
 n - 5 scrolls of amnesia
 o - a scroll of summoning
Potions
 f - a potion of curing
 g - a potion of heal wounds
 h - a potion of haste
 i - 4 potions of magic
 j - 3 potions of berserk rage
 l - 2 potions of invisibility
Comestibles
 e - 8 meat rations


   Skills:
 + Level 2.5 Fighting
 + Level 3.0 Axes
 + Level 2.1 Throwing
 + Level 3.0 Dodging


You couldn't memorise any spells.
You didn't know any spells.

Dungeon Overview and Level Annotations

Branches:
Dungeon (1/1)

Altars:
Ashenzari
Cheibriados
Dithmenos
Elyvilon
Fedhas
Kikubaaqudgha
Makhleb
Nemelex Xobeh
Okawaru
Ru
Sif Muna
Trog
Vehumet
Xom
Yredelemnul
Zin
The Shining One
Beogh
Jiyva
Lugonu


Innate Abilities, Weirdness & Mutations

Your body is rotting away.
You thrive on raw meat.
You are immune to poison.
You have sharp fingernails.
You are carnivorous and can eat meat at any time.
Your flesh is cold resistant.
You are immune to negative energy.
You heal slowly when monsters are visible.
You are immune to unholy pain and torment.
You can survive without breathing.


Message History

The orc hits you from afar with a trident.
The orc hits you with a trident.
There is an open door here.
You hit the orc.
The orc is heavily wounded.
The orc closely misses you.
You slash the orc!
You kill the orc!
Makhleb accepts your kill.
Your Axes skill increases to level 3!
Your Throwing skill increases to level 2!
Your Dodging skill increases to level 3!
You hit the worker ant but do no damage.
The worker ant closely misses you.
The worker ant waves its antennae.
The worker ant bites you.
You barely miss the worker ant. The worker ant bites you.
* * * LOW HITPOINT WARNING * * *
You closely miss the worker ant. The worker ant bites you.
You die...

############
#__________#
#__________#
#.#####'##############++
#).)'.'%.##...........
#)))#.#?(##......#..#
#######'#####..........
#...........÷...........
#+#####@#####......#..#.
#a# #........... #.#
####'#####+ +.#
#.......# ### #.......#
#.......# #...<...#
#.......# #.......#


You could see a worker ant.

Vanquished Creatures
  An orc (D)
  A bat (D)
2 creatures vanquished.

Notes
Turn   | Place    | Note
--------------------------------------------------------------
     0 | D        | nuthulu the Ghoul Gladiator began the quest for the Orb.
     0 | D        | Reached XP level 1. HP: 17/17 MP: 0/0
    49 | D        | Found a sacrificial altar of Ru.
    49 | D        | Found a basalt altar of Yredelemnul.
    49 | D        | Found a glowing golden altar of the Shining One.
    49 | D        | Found a deep blue altar of Sif Muna.
    49 | D        | Found a burning altar of Makhleb.
    49 | D        | Found an ancient bone altar of Kikubaaqudgha.
    49 | D        | Found a glowing silver altar of Zin.
    50 | D        | Found a shadowy altar of Dithmenos.
    50 | D        | Found a bloodstained altar of Trog.
    50 | D        | Found a shattered altar of Ashenzari.
    50 | D        | Found a white marble altar of Elyvilon.
    50 | D        | Found a snail-covered altar of Cheibriados.
    50 | D        | Found a blossoming altar of Fedhas.
    50 | D        | Found a radiant altar of Vehumet.
    50 | D        | Found a shimmering altar of Xom.
    50 | D        | Found a sparkling altar of Nemelex Xobeh.
    50 | D        | Found a corrupted altar of Lugonu.
    50 | D        | Found a viscous altar of Jiyva.
    50 | D        | Found a roughly hewn altar of Beogh.
    50 | D        | Found an iron altar of Okawaru.
    54 | D        | Became a worshipper of Makhleb the Destroyer
    61 | D        | Noticed a worker ant
    64 | D        | Reached skill level 3 in Axes
    67 | D        | Slain by a worker ant

Vault maps used:
D:        pitsprint

Action                   || total
-------------------------++-------
Melee: War axe           ||     7
  Eat: Chunk             ||     1
